[Event "*** Titled Tuesday Blitz"]
[Site "Chess.com"]
[Date "2021.04.27"]
[Round "10"]
[White "Supernotar"]
[Black "Bad_left_hook"]
[Result "1-0"]
[WhiteElo "2728"]
[BlackElo "2568"]
[TimeControl "180+1"]
[EndTime "11:54:11 PDT"]
[Termination "Supernotar won by resignation"]

1. d4 Nf6 2. c4 g6 3. Nc3 d5 4. cxd5 Nxd5 5. e4 Nxc3 6. bxc3 Bg7 7. Nf3 c5 8. Be3 Nc6 9. Qd2 Qa5 10. Rc1 cxd4 11.
cxd4 Qxd2+ 12. Kxd2 Bg4 13. d5 Bxf3 14. gxf3 Nd4 15. f4 O-O 16. Kd3 Nb5 17. e5 Rfd8 18. a4 Rxd5+ 19. Kc4 Nc7 20. Bg2 Rd7 21. Bxb7 Rb8 22.
Rb1 Ne6 23. Ba6 Rc7+ 24. Kd5 Rd8+ 25. Ke4 f5+ 26. exf6 Bxf6 27. Rhc1 Rxc1 28. Rxc1 Kg7 29. Rc6 Nf8 30. Bxa7 Ra8 31. Be3 Nd7 32. Bb5 Bb2 33. Kf3 Rf8 34. Rc7 Nf6 35. Rxe7+ Kh6 36. f5+ Kh5 37. Be2 gxf5 38. Kg3+ Kg6 39. a5 f4+ 40.
Bxf4 Nd5 41. Re6+ Kf7 42. Re4 Rg8+ 43. Kf3 Nxf4 44. Rxf4+ Ke6 45. a6 Be5 46. Bc4+ Kd6 47. Bxg8 1-0

[Event "*** Titled Tuesday Blitz"]
[Site "Chess.com"]
[Date "2021.04.27"]
[Round "10"]
[White "Skat2704"]
[Black "GM_LOADING"]
[Result "1-0"]
[WhiteElo "2693"]
[BlackElo "2564"]
[TimeControl "180+1"]
[EndTime "11:54:12 PDT"]
[Termination "Skat2704 won on time"]

1. d4 Nf6 2. Nf3 e6 3. Bf4 c5 4. e3 b6 5. Be2 Bb7 6. O-O Be7 7. c3 O-O 8. Nbd2 d6 9. h3 Nbd7 10. Rc1 a6 11. Re1 Re8 12. Qc2 Qc7 13. e4 e5 14.
Be3 Rac8 15. d5 Bf8 16. c4 g6 17. a3 Bg7 18. b4 Rf8 19. Rb1 Rb8 20. Rb2 h6 21.
Reb1 Ba8 22. Nb3 Nh5 23. Bd2 Nf4 24. Bf1 f5 25. exf5 gxf5 26. Nh4 Qd8 27. Nxf5 Qg5 28. Nxd6 Nxh3+ 29. Kh2 Nf4 30. Ne4 Qh5+ 31. Kg1 cxb4 32.
axb4 b5 33. Nbc5 Nf6 34. Nxf6+ Rxf6 35. Nd7 Rg6 36. Bxf4 exf4 37. Nxb8 f3 38. Qe4 Be5 39. g3 Bxg3 40. Qe8+ Kh7 41. Qf7+ Kh8 42. Qf8+ Kh7 43. fxg3 Rxg3+ 44. Kf2 Qh4 45. Bd3+ Rg6+ 46. Ke3 Qg5+ 47. Kd4 Qf4+ 48. Qxf4 1-0

[Event "*** Titled Tuesday Blitz"]
[Site "Chess.com"]
[Date "2021.04.27"]
[Round "10"]
[White "HouseOfDurin"]
[Black "MarkoPe"]
[Result "1-0"]
[WhiteElo "2133"]
[BlackElo "2229"]
[TimeControl "180+1"]
[EndTime "11:54:12 PDT"]
[Termination "HouseOfDurin won on time"]

1. d4 d5 2. Bg5 Nc6 3. e3 a6 4. c4 Be6 5. cxd5 Bxd5 6. Nc3 Nf6 7.
Bxf6 exf6 8. a3 Be7 9. Nxd5 Qxd5 10. Ne2 O-O 11. Nc3 Qg5 12. g3 Rad8 13. Bg2 Rfe8 14. O-O h5 15. h4 Qg6 16. Nd5 Bd6 17. Qf3 Nb8 18. Rfc1 c6 19. Nb6 Nd7 20. Nc4 Bb8 21. b4 Nf8 22. Na5 Re7 23. Rc5 Ne6 24. Rxh5 Qc2 25.
d5 Be5 26. Rxe5 Qb2 27. Rd1 Qxe5 28. dxe6 Rxd1+ 29. Qxd1 Qxe6 30. Nb3 Rd7 31. Nd4 Qa2 32. Qd3 a5 33. Bh3 Rd8 34. Qc3 Qb1+ 35. Kg2 Qe4+ 36.
Kg1 Qb1+ 37. Kh2 Qa2 38. Kg2 Qb1 39. Bf5 Qa2 40. Bc2 Qd5+ 41. Kg1 Qa2 42. Qd3 Qa1+ 43. Kg2 Qb2 44. Qh7+ Kf8 45. Nf5 1-0

[Event "*** Titled Tuesday Blitz"]
[Site "Chess.com"]
[Date "2021.04.27"]
[Round "10"]
[White "TheKingOfTheForest"]
[Black "lucachess49"]
[Result "0-1"]
[WhiteElo "2258"]
[BlackElo "2428"]
[TimeControl "180+1"]
[EndTime "11:54:13 PDT"]
[Termination "lucachess49 won by resignation"]

1. d4 Nf6 2. c4 e6 3. Nc3 Bb4 4.
Qc2 O-O 5. a3 Bxc3+ 6. Qxc3 b6 7. Bg5 Bb7 8. e3 h6 9. Bh4 d5 10. cxd5 exd5 11. Nf3 Nbd7 12. Bd3 c5 13. O-O Qe8 14.
Bb5 Ne4 15. Qd3 a6 16. Bxd7 Qxd7 17. Ne5 Qe6 18. f3 Nd6 19. Rae1 f6 20. Ng6 Rfe8 21. Nf4 Qf7 22. Bg3 a5 23. Rf2 Ba6 24. Qc3 Rac8 25. dxc5 Rxc5 26. Qd4 Nf5 27. Qd2 h5 28. Nd3 Rcc8 29. b4 h4 30. Bf4 g5 31. e4 dxe4 32. fxe4 Nd4 33. Be3 Rc2 34. Qd1 Rxf2 35. Bxf2 Ne6 36.
bxa5 bxa5 37. e5 Rd8 38. Re3 Nf4 39. e6 Qe7 40. Qb3 Nxd3 41. h3 Nxf2 42. Kxf2 Bb7 43.
Qc3 Bd5 44. g3 Bxe6 45. gxh4 gxh4 46. Qc5 Qxc5 0-1

[Event "*** Titled Tuesday Blitz"]
[Site "Chess.com"]
[Date "2021.04.27"]
[Round "10"]
[White "PawnEatingZombie"]
[Black "TokChess"]
[Result "0-1"]
[WhiteElo "2255"]
[BlackElo "2387"]
[TimeControl "180+1"]
[EndTime "11:54:13 PDT"]
[Termination "TokChess won on time"]

1. d4 d5 2. c4 e6 3. Nc3 Nf6 4. cxd5 exd5 5. Bg5 c6 6. e3 Nbd7 7. Bd3 Be7 8. Qc2 Nf8 9. Nge2 Ne6 10. Bh4 g6 11. f3 Ng7 12. O-O O-O 13. Kh1 Nf5 14.
Bf2 c5 15. g4 Ng7 16. Qd2 Ne6 17. Rad1 b6 18. Kg2 Bb7 19. Bc2 cxd4 20. exd4 Re8 21. Rfe1 Rc8 22. Bb3 a6 23. Bg3 b5 24. Nc1 Bd6 25. Be5 Bxe5 26. Rxe5 Nd7 27. Ree1 Nb6 28. Qh6 Nc4 29. Bxc4 dxc4 30. d5 Qf6 31. Ne4 Nf4+ 32. Kh1 Rxe4 33. fxe4 Qe5 34. Rf1 Nd3 35. Qe3 Nxb2 36.
Qf4 Qxf4 37. Rxf4 c3 38. Re1 c2 39. Kg2 Nc4 40. Kf3 Ne5+ 41. Kg3 Kf8 42. h4 Ke7 43. h5 Rc3+ 44. Kh4 g5+ 45. Kxg5 Nf3+ 46. Kh6 Nxe1 47. Kxh7 Nd3 48. Nxd3 Rxd3 0-1

[Event "*** Titled Tuesday Blitz"]
[Site "Chess.com"]
[Date "2021.04.27"]
[Round "10"]
[White "adnan_nn"]
[Black "platy3"]
[Result "1-0"]
[WhiteElo "2719"]
[BlackElo "2834"]
[TimeControl "180+1"]
[EndTime "11:54:14 PDT"]
[Termination "adnan_nn won on time"]

1. e4 c5 2. b4 b6 3. bxc5 bxc5 4. Nc3 Nc6 5. Rb1 g6 6. Bb5 Nd4 7. Bc4 e6 8. e5 Qc7 9. Nf3 Bg7 10. O-O Nxf3+ 11. Qxf3 Rb8 12. Nb5 Rxb5 13. Bxb5 Bxe5 14. h3 Ne7 15. Bb2 Nf5 16. Bxe5 Qxe5 17. Rfe1 Qc7 18. c3 O-O 19. Bd3 Ne7 20. Qf6 Nd5 21. Qh4 d6 22. Bc4 Nb6 23. Be2 Bb7 24. Qg3 Bd5 25. a3 e5 26. Bf3 Be6 27. d4 exd4 28. cxd4 c4 29. a4 Nxa4 30. Rb7 Qa5 31. Ra1 Rc8 32.
Qxd6 c3 33. d5 Bf5 34. Qf6 Rf8 35. g4 Bd3 36. h4 c2 37. h5 Qc3 38. Qxc3 Nxc3 39.
d6 Nb1 40. Rc7 Rd8 41. h6 Kf8 42. Raxa7 Kg8 43. Bd5 Kh8 44. Kh2 g5 45. d7 Nc3 46.
Rxc3 1-0

[Event "*** Titled Tuesday Blitz"]
[Site "Chess.com"]
[Date "2021.04.27"]
[Round "10"]
[White "TeukkaSalama"]
[Black "chessdjw"]
[Result "0-1"]
[WhiteElo "2403"]
[BlackElo "2730"]
[TimeControl "180+1"]
[EndTime "11:54:14 PDT"]
[Termination "chessdjw won by resignation"]

1. d4 Nf6 2. Bf4 g6 3. e3 Bg7 4. Nf3 O-O 5. Be2 d6 6. h3 c5 7. c3 Qb6 8. Qb3 Be6 9. Qxb6 axb6 10. a3 Nc6 11. Nbd2 h6 12. O-O g5 13. Bg3 Nd7 14. Rfe1 f5 15. Bc4 Bxc4 16. Nxc4 b5 17. Ncd2 d5 18.
dxc5 Nxc5 19. h4 Nd3 20. Reb1 f4 21. exf4 gxf4 22. Bh2 e5 23. Ne1 Nxe1 24. Rxe1 e4 25. Nb3 Ne5 26. Rad1 Nd3 27. Re2 f3 28. gxf3 Rxf3 29.
Re3 Raf8 30. Bg3 h5 31. Rxf3 Rxf3 32. Na5 Kf7 33. Kg2 Ke6 34. Nxb7 Nxb2 35. Rb1 Bxc3 36. Nc5+ Kf5 37. Rc1 d4 38. Nb3 Nc4 39. a4 bxa4 40.
Nc5 a3 41. Rc2 Nb2 42. Nb3 a2 43. Na1 Rd3 44. Rc1 Rd2 45. Nb3 Rd1 46. Ra1 Rxa1 47.
Nxa1 Nc4 48. Nc2 d3 49. Na1 Bxa1 0-1

[Event "*** Titled Tuesday Blitz"]
[Site "Chess.com"]
[Date "2021.04.27"]
[Round "10"]
[White "attack2mateU"]
[Black "Msb2"]
[Result "1-0"]
[WhiteElo "2773"]
[BlackElo "2880"]
[TimeControl "180+1"]
[EndTime "11:54:15 PDT"]
[Termination "attack2mateU won by resignation"]

1. e4 c6 2. Nc3 d5 3. Nf3 Bg4 4. h3 Bxf3 5. Qxf3 e6 6. Be2 Bc5 7. O-O Ne7 8. Na4 Bd4 9. c3 Bf6 10. d4 dxe4 11. Qxe4 Nd7 12. Bd3 g6 13. Bf4 O-O 14. Rad1 Re8 15. Bc2 Nd5 16. Bg3 Bg7 17.
c4 Ne7 18. Qe1 b5 19. cxb5 cxb5 20. Nc3 b4 21. Ne4 Nf5 22. Nd6 Nxd6 23. Bxd6 a5 24. Ba4 Ra7 25. Qe3 Qa8 26. Rfe1 Rd8 27. d5 exd5 28. Be7 Re8 29. Qf3 Ne5 30. Rxe5 Bxe5 31. Bxe8 Rxe7 32. Bb5 Bxb2 33. Rxd5 Qb8 34. g3 Kg7 35.
Bc4 Bf6 36. Rb5 Qc7 37. Bb3 Qa7 38. Ba4 Bd4 39. Kg2 Rc7 40. Rd5 Rc2 41. Bxc2 a4 42.
Bxa4 Bf6 43. Bb3 h5 44. g4 Qe7 45. gxh5 gxh5 46. Rxh5 Kf8 47. Rf5 Bg7 48. h4 Bf6 49. h5 Kg7 50. h6+ Kxh6 51. Rxf6+ Kg7 52. Rxf7+ Kh8 53. Rf8+ Kg7 54. Rg8+ Kh6 55. Qh3+ 1-0

[Event "*** Titled Tuesday Blitz"]
[Site "Chess.com"]
[Date "2021.04.27"]
[Round "10"]
[White "maximych26"]
[Black "ural58"]
[Result "0-1"]
[WhiteElo "2315"]
[BlackElo "2474"]
[TimeControl "180+1"]
[EndTime "11:54:15 PDT"]
[Termination "ural58 won by resignation"]

1. e4 d5 2. Nc3 d4 3. Nce2 c5 4. d3 Nc6 5. f4 e5 6. Nf3 exf4 7.
Nxf4 Bd6 8. Be2 Nge7 9. O-O O-O 10. Nh5 Ng6 11. Ng5 Nce5 12. h3 a5 13. Bd2 a4 14.
Rf2 b5 15. Qf1 Bc7 16. a3 Qd6 17. Nf4 Be6 18. Bh5 c4 19. Bxg6 Nxg6 20. Re1 c3 21. bxc3 dxc3 22. Be3 Ba2 23. g3 Qxa3 24. Kg2 Nxf4+ 25. gxf4 f6 26. Nf3 Bf7 27. Rb1 Rab8 28.
Nd4 Qc5 29. Qe2 b4 30. Ne6 Qe7 31. Nxf8 Qxf8 32. e5 Bd5+ 33. Kg1 f5 34. e6 Qf6 35. Bc5 Qg6+ 36. Kh2 b3 37. Rg1 Qxe6 38. Qxe6+ Bxe6 39. Bd4 g6 40. Bxc3 bxc2 41. Rxc2 Bxf4+ 42. Kg2 Bd5+ 43. Kf2 a3 44. Ra1 a2 45. Bf6 Ra8 46. Bd4 Bg5 47. Rc5 Bf7 48. Rb5 Be7 49. Rb2 Bf8 50. Rb7 Bg7 51. Rb6 Bxd4+ 52. Ke2 Bxb6 53. d4 Bxd4 0-1

[Event "*** Titled Tuesday Blitz"]
[Site "Chess.com"]
[Date "2021.04.27"]
[Round "10"]
[White "grandcoach"]
[Black "fabianvivasz"]
[Result "0-1"]
[WhiteElo "2235"]
[BlackElo "2358"]
[TimeControl "180+1"]
[EndTime "11:54:15 PDT"]
[Termination "fabianvivasz won on time"]

1. e4 e5 2. Nf3 Nc6 3. d4 exd4 4. c3 d5 5. exd5 Qxd5 6. cxd4 Bg4 7. Be2 Bb4+ 8. Nc3 Bxf3 9. Bxf3 Qc4 10. Qb3 Qxb3 11. axb3 Nge7 12. Be3 O-O-O 13. O-O a6 14. Rfd1 h5 15. g3 Nf5 16. Ne2 Nce7 17. Rac1 Nd5 18. Bd2 Bxd2 19. Rxd2 g6 20. Rc5 Nfe7 21. Rdc2 b6 22.
R5c4 Rd6 23. Nf4 Nxf4 24. Rxc7+ Kd8 25. gxf4 Rxd4 26. Ra7 Rh7 27. Rcc7 Nc8 28. Rab7 Nd6 29. Rd7+ Ke8 30. Bc6 Kf8 31. Rd8+ Kg7 32. Rbd7 Rh8 33. Rxh8 Kxh8 34. Ra7 a5 35. Bf3 Kg7 36. Kg2 Rxf4 37.
Rd7 Nf5 38. Rb7 Nh4+ 39. Kg3 Rxf3+ 40. Kxh4 Rxb3 41. Kg5 Rb5+ 42. Kf4 Rxb2 43. f3 a4 44. Ra7 b5 45. h4 Rb4+ 0-1

[Event "*** Titled Tuesday Blitz"]
[Site "Chess.com"]
[Date "2021.04.27"]
[Round "10"]
[White "Kozok"]
[Black "queen_iryna"]
[Result "1-0"]
[WhiteElo "2524"]
[BlackElo "2393"]
[TimeControl "180+1"]
[EndTime "11:54:16 PDT"]
[Termination "Kozok won by resignation"]

1. e4 d6 2. d4 Nf6 3. Nc3 e5 4. Nf3 Nbd7 5. Rg1 g6 6. g4 Bg7 7. g5 Nh5 8. Be3 O-O 9. Qd2 c6 10. O-O-O Qa5 11. dxe5 dxe5 12. Qd6 Re8 13. Bc4 Bf8 14. Qd2 b5 15. Bb3 b4 16. Ne2 Nc5 17.
Bxc5 Bxc5 18. Ng3 Nxg3 19. hxg3 Be6 20. Kb1 Bxb3 21. cxb3 Rad8 22. Qc2 Bd4 23. Rh1 c5 24. Nd2 Qc7 25. Nc4 Qe7 26. Qd2 Bc3 27. Qe3 Bd4 28.
Qd2 Bc3 29. Qc1 Bd4 30. Rh2 f6 31. Rdh1 fxg5 32. Rxh7 Qxh7 33. Rxh7 Kxh7 34. Qxg5 Bxf2 35. Nxe5 Rd6 36. Ng4 Bd4 37. e5 Bxe5 38. Nxe5 Rd1+ 39. Kc2 Rd6 40. Qh4+ Kg7 41. Qf4 Rde6 42. Ng4 Re2+ 43.
Kd3 Re1 44. Qh6+ Kf7 45. Qh7+ Ke6 46. Qxg6+ Kd7 47. Nf6+ Kc8 48. Nxe8 1-0

[Event "*** Titled Tuesday Blitz"]
[Site "Chess.com"]
[Date "2021.04.27"]
[Round "10"]
[White "jamalm2"]
[Black "FMalexhdez"]
[Result "0-1"]
[WhiteElo "2034"]
[BlackElo "2258"]
[TimeControl "180+1"]
[EndTime "11:54:21 PDT"]
[Termination "FMalexhdez won on time"]

1. e4 c5 2. Nf3 d6 3. d4 cxd4 4.
Nxd4 Nf6 5. Nc3 a6 6. Bg5 e5 7. Nf3 Be6 8. Bd3 Nbd7 9. O-O Be7 10. h3 O-O 11. Qe2 b5 12. Rfd1 Qc7 13. a3 Rfe8 14. Bxf6 Nxf6 15. Nd5 Nxd5 16. exd5 Bxd5 17. Bxh7+ Kxh7 18. Rxd5 Rac8 19. c3 Qc4 20. Qc2+ g6 21. Rad1 a5 22.
Qd2 Kg7 23. Ng5 Rc6 24. Qe3 b4 25. axb4 axb4 26. Ne4 bxc3 27. Nxc3 Rb8 28. R1d2 Qf4 29. Qxf4 exf4 30. Ne4 Rc1+ 31. Kh2 Rb1 32. Nxd6 R8xb2 33. Nc4 Rxd2 34. Rxd2 Rc1 35. Ne5 Bf6 36. Nf3 Rf1 37. g3 fxg3+ 38. Kxg3 Bc3 39. Rc2 Bb4 40. Kg2 Rb1 41.
Rc7 Bd6 42. Rd7 Bf4 43. Rd4 Bb8 44. Rd8 Rb2 45. Rd7 Kf6 46. Nd4 Be5 47. Nf3 Bf4 0-1

[Event "*** Titled Tuesday Blitz"]
[Site "Chess.com"]
[Date "2021.04.27"]
[Round "10"]
[White "KonstantinB_1983"]
[Black "Alextorngren"]
[Result "0-1"]
[WhiteElo "2481"]
[BlackElo "2357"]
[TimeControl "180+1"]
[EndTime "11:54:22 PDT"]
[Termination "Alextorngren won by checkmate"]

1. d4 Nf6 2. c4 g6 3. Nc3 Bg7 4. e4 d6 5. Nf3 O-O 6. Be2 e5 7. O-O exd4 8. Nxd4 Re8 9. f3 c6 10. Kh1 Nbd7 11. Bf4 Nh5 12. Bxd6 Qf6 13. Nc2 Nf4 14. Rb1 Ne5 15. c5 Qg5 16. g3 Nxe2 17. Qxe2 Qh6 18.
Ne3 Qh3 19. Ng2 b6 20. Rbd1 a5 21. Nf4 Qh6 22. Qf2 b5 23. b3 f5 24. Qe3 b4 25.
Na4 Ba6 26. Rfe1 g5 27. Ng2 fxe4 28. Qxe4 Rad8 29. f4 Ng4 30. Qxe8+ Rxe8 31. Rxe8+ Kf7 32. Re7+ Kg8 33. Re8+ Kf7 34. Re7+ Kg6 35. Re6+ Bf6 36. h4 gxh4 37. Nxh4+ Kf7 38. Rde1 Qh5 39. Kg2 Bxh4 40.
gxh4 Qxh4 41. Re7+ Kg6 42. R7e6+ Kf5 43. R6e5+ Nxe5 44. Rxe5+ Kg6 45. Re6+ Kf7 46. Re7+ Kf6 47. Re5 Qg4+ 48.
Kh1 Qf3+ 49. Kg1 Qf1+ 50. Kh2 Qxf4+ 51. Kh3 Bf1# 0-1

[Event "*** Titled Tuesday Blitz"]
[Site "Chess.com"]
[Date "2021.04.27"]
[Round "10"]
[White "ajedrez1101"]
[Black "SargissyanSargis"]
[Result "1/2-1/2"]
[WhiteElo "2180"]
[BlackElo "2338"]
[TimeControl "180+1"]
[EndTime "11:54:22 PDT"]
[Termination "Game drawn by repetition"]

1. b3 Nf6 2. Bb2 g6 3. Bxf6 exf6 4. c4 Bg7 5. Nc3 O-O 6. g3 c6 7. Bg2 d6 8. e3 f5 9. Nge2 Nd7 10. O-O Qc7 11. d4 Nb6 12. Qd3 Be6 13. a3 d5 14.
c5 Nd7 15. b4 a6 16. a4 b6 17. Rfb1 b5 18. axb5 axb5 19. Qc2 Nf6 20. Ra2 Ne4 21. Rba1 Qb7 22. Ra5 Bf6 23. Qa2 Rxa5 24. Qxa5 Nd2 25. Qa7 Qc8 26. Ra6 Rd8 27. Rb6 Nc4 28. Rb7 Rd7 29. Rxd7 Qxd7 30. Qb8+ Kg7 31. Nf4 Na3 32. Nd3 Nc4 33. Nc1 g5 34. f4 Nxe3 35. N1e2 g4 36. Kf2 Nc2 37. Na2 Nxd4 38. Nxd4 Bxd4+ 39. Kf1 Bf6 40. Nc1 d4 41. Qd6 Qxd6 42. cxd6 Bc4+ 43. Ke1 Bd5 44. Bxd5 cxd5 45. Nb3 Kf8 46. Kd2 Ke8 47. Nc5 Bd8 48. Kd3 h5 49. Kc2 h4 50. Kd3 Bf6 51.
Nb3 hxg3 52. hxg3 Kd7 53. Nxd4 Bxd4 54. Kxd4 Kxd6 55. Kd3 f6 56. Kc3 Kc6 57. Kd3 Kd6 58. Kd4 Kc6 59. Kc3 Kd6 60. Kd3 Kc6 61. Kc3 Kb6 62. Kd4 Kc6 63. Kd3 Kd6 1/2-1/2

[Event "*** Titled Tuesday Blitz"]
[Site "Chess.com"]
[Date "2021.04.27"]
[Round "10"]
[White "TST2014"]
[Black "lamomiablanca"]
[Result "0-1"]
[WhiteElo "2660"]
[BlackElo "2455"]
[TimeControl "180+1"]
[EndTime "11:54:23 PDT"]
[Termination "lamomiablanca won on time"]

1. d4 Nf6 2. c4 b6 3. Nc3 Bb7 4. Qc2 d5 5. cxd5 Nxd5 6. Nf3 e6 7. e4 Nxc3 8. bxc3 Be7 9. Bb5+ c6 10. Bd3 O-O 11. O-O c5 12. Bf4 cxd4 13. cxd4 Nc6 14. Qb2 Rc8 15. Rfd1 Nb4 16. Bb1 Nc6 17. a3 Na5 18.
Qe2 Qd7 19. d5 exd5 20. exd5 Bf6 21. Ra2 Rfe8 22. Qd3 g6 23. h3 Qa4 24. Bg3 Ba6 25. Qd2 Re2 26. Qxe2 Bxe2 27. Re1 Bxf3 28. gxf3 Qd4 29. d6 Nc4 30. Rc2 Rd8 31. Ba2 Nxd6 32. Rc7 Rf8 33. Rd7 Qc3 34. Re3 Qa1+ 35. Kg2 Nf5 36.
Re2 Nxg3 37. fxg3 Qc1 38. Bb3 Qc3 39. Bd5 Kg7 40. a4 a6 41. h4 b5 42. axb5 axb5 43. Ra7 b4 44. Rb7 h5 45. Re4 Qd2+ 46. Kh3 Qxd5 47.
Rexb4 Qf5+ 48. Kg2 Rd8 0-1

[Event "*** Titled Tuesday Blitz"]
[Site "Chess.com"]
[Date "2021.04.27"]
[Round "10"]
[White "Forantes"]
[Black "elcandado"]
[Result "1-0"]
[WhiteElo "2519"]
[BlackElo "2615"]
[TimeControl "180+1"]
[EndTime "11:54:24 PDT"]
[Termination "Forantes won by resignation"]

1. Nf3 Nf6 2. g3 d5 3. Bg2 Bf5 4. O-O e6 5. d4 Be7 6. c4 c6 7.
Nc3 O-O 8. Nd2 Nbd7 9. e4 dxe4 10. Ndxe4 Nxe4 11. Nxe4 Nf6 12. Nc3 Qa5 13. Qb3 Qa6 14.
Rd1 Rfd8 15. Bf4 Rd7 16. d5 Rad8 17. dxc6 bxc6 18. Rxd7 Nxd7 19. Rd1 Nb6 20. Rxd8+ Bxd8 21. c5 Nd7 22. Qd1 Qc8 23. Qd6 e5 24. Bxe5 Nxe5 25. Qxe5 Bf6 26. Qd6 Qe8 27. Bxc6 Qe1+ 28. Kg2 h5 29. h4 Be6 30. Be4 g6 31. Qf4 Bxc3 32.
bxc3 Bc4 33. Qe3 Qf1+ 34. Kf3 Qh1+ 35. Kf4 Qh3 36. Ke5 Qe6+ 37. Kd4 Bxa2 38. Qf4 Qc4+ 39.
Ke5 Qxc3+ 40. Kd6 Qd4+ 41. Kc6 Qa4+ 42. Kc7 Qa5+ 43. Kd6 Qa6+ 44. c6 Qa3+ 45. Kc7 Qe7+ 46. Kb8 Be6 47. c7 Qb4+ 48. Bb7 Qf8+ 49. c8=Q Bxc8 50.
Bxc8 Qb4+ 51. Qxb4 1-0

[Event "*** Titled Tuesday Blitz"]
[Site "Chess.com"]
[Date "2021.04.27"]
[Round "10"]
[White "thechesscorner64"]
[Black "paulrusan"]
[Result "1/2-1/2"]
[WhiteElo "2375"]
[BlackElo "2229"]
[TimeControl "180+1"]
[EndTime "11:54:24 PDT"]
[Termination "Game drawn by repetition"]

1. e4 c5 2. Nf3 Nc6 3. Bb5 g6 4. O-O Bg7 5. c3 Nf6 6. d4 cxd4 7. cxd4 d5 8. e5 Ne4 9. Ne1 O-O 10. Nc2 f6 11.
exf6 exf6 12. Nc3 Nxc3 13. bxc3 Qc7 14. Ba3 Rd8 15. Ne3 Be6 16. Re1 a6 17. Bd3 Na5 18. Rc1 Rac8 19. Qf3 Bf7 20. Ng4 f5 21. Ne5 Bxe5 22.
Rxe5 Nc4 23. Bxc4 Qxc4 24. Be7 Rd7 25. Qg3 Qxd4 26. Re3 Qd2 27. Rce1 d4 28. cxd4 Qxd4 29. h4 f4 30. Qg5 fxe3 31. Rxe3 Rc1+ 32. Kh2 Qd1 33. Bf6 Qh1+ 34. Kg3 Bd5 35. Kf4 Rc4+ 36.
Ke5 Qh2+ 37. g3 Re4+ 38. Rxe4 Bxe4 39. Kxe4 Qxf2 40. Be5 Qe2+ 41. Kf4 Qf2+ 42. Kg4 Qe2+ 43. Kh3 Rf7 44. Qd8+ Rf8 45. Qd5+ Rf7 46. Qd8+ Rf8 47. Qd5+ Rf7 48. Qd8+ 1/2-1/2

[Event "*** Titled Tuesday Blitz"]
[Site "Chess.com"]
[Date "2021.04.27"]
[Round "10"]
[White "zmeeed67"]
[Black "Sjakkerntobi"]
[Result "1-0"]
[WhiteElo "2561"]
[BlackElo "2400"]
[TimeControl "180+1"]
[EndTime "11:54:25 PDT"]
[Termination "zmeeed67 won by resignation"]

1. d4 e6 2. c4 Nf6 3. Nc3 c5 4. d5 exd5 5. cxd5 d6 6. Nf3 g6 7. Bf4 Bg7 8. Qa4+ Bd7 9. Qb3 b5 10. Bxd6 Qb6 11. Be5 O-O 12. e3 c4 13. Qd1 Re8 14. Be2 Bg4 15. Bd4 Qb7 16. h3 Bf5 17.
O-O Nbd7 18. Nh4 Be4 19. Bf3 Bxf3 20. Nxf3 b4 21. Na4 Qxd5 22. Rc1 Rac8 23. Nd2 a5 24. Qf3 Qb5 25. Qd1 Red8 26. Qc2 c3 27. bxc3 Ne5 28. c4 Qe8 29. Nb6 Rc6 30. c5 Nd5 31. Nxd5 Rxd5 32. Nc4 Nd7 33. Nxa5 Rc8 34. Nb3 Ne5 35. Bxe5 Qxe5 36. Rfd1 h5 37. Rxd5 Qxd5 38. Qc4 Qc6 39. Qxb4 Kh8 40. Qb6 Qd5 41. c6 Be5 42. c7 Rxc7 43. Qb8+ Kh7 44. Rf1 Rc1 45. Qb4 Rxf1+ 46.
Kxf1 Qd1+ 47. Qe1 Qd3+ 48. Kg1 Bc3 49. Qc1 Be5 50. Nc5 Bd6 51. Nxd3 1-0

[Event "*** Titled Tuesday Blitz"]
[Site "Chess.com"]
[Date "2021.04.27"]
[Round "10"]
[White "Lyschko"]
[Black "JoachimMouhamad"]
[Result "0-1"]
[WhiteElo "2298"]
[BlackElo "2468"]
[TimeControl "180+1"]
[EndTime "11:54:25 PDT"]
[Termination "JoachimMouhamad won by resignation"]

1. c4 e5 2. Nc3 Nf6 3. Nf3 Nc6 4.
e3 Bb4 5. Qc2 Bxc3 6. bxc3 e4 7.
Ng5 Qe7 8. f3 exf3 9. Nxf3 O-O 10. Be2 d6 11. O-O Ne5 12. h3 Re8 13. d4 Nxf3+ 14.
Bxf3 Ne4 15. Bxe4 Qxe4 16. Qxe4 Rxe4 17. Rf4 Rxf4 18. exf4 Be6 19. d5 Bf5 20. Be3 b6 21. Rd1 Re8 22. Kf2 h5 23. Rd4 f6 24. Kf3 h4 25. Bf2 g5 26. Be3 Kf7 27. fxg5 Kg6 28. gxf6 Kxf6 29. Rxh4 Bd3 30. g4 Kg6 31. Rh6+ Kg7 32.
Rh5 Bb1 33. Bd4+ Kg6 34. Rh8 Rxh8 35. Bxh8 Bxa2 36. Kf4 Bxc4 37. h4 Bxd5 38. h5+ Kh7 39. Bf6 a5 40. Bd8 a4 41. g5 a3 42. c4 Bxc4 43. Bf6 b5 44. Kg4 b4 45. g6+ Kh6 46. Kh4 Bd3 47. Bg5+ Kg7 48. Bd2 Bxg6 49. hxg6 Kxg6 50.
Bxb4 a2 51. Bc3 Kf5 52. Kg3 Ke4 53. Kf2 Kd3 54. Bf6 Kc2 55. Ke2 Kb1 56. Kd3 a1=Q 57.
Bxa1 Kxa1 58. Kd4 Kb2 59. Kd5 Kc3 60. Kc6 Kc4 61. Kxc7 d5 62. Kd7 d4 0-1

[Event "*** Titled Tuesday Blitz"]
[Site "Chess.com"]
[Date "2021.04.27"]
[Round "10"]
[White "Andrakhanova"]
[Black "AntonovaNadezhda"]
[Result "1-0"]
[WhiteElo "2287"]
[BlackElo "2119"]
[TimeControl "180+1"]
[EndTime "11:54:25 PDT"]
[Termination "Andrakhanova won on time"]

1. c4 Nf6 2. g3 g6 3. Bg2 Bg7 4.
Nc3 O-O 5. d4 d6 6. Nf3 Nc6 7.
e4 e5 8. d5 Ne7 9. O-O Nd7 10. h3 h6 11. Be3 f5 12. Qd2 Kh7 13. Nh4 f4 14. gxf4 exf4 15. Bxf4 Rxf4 16. Qxf4 g5 17.
Qg3 gxh4 18. Qxh4 Ne5 19. f4 Nxc4 20. f5 Bd4+ 21. Kh1 Bd7 22. Rf3 Ng8 23. Qh5 Be8 24. Qg4 Ne5 25. Qf4 Nxf3 26. Bxf3 Be5 27. Qd2 Qh4 28.
Qg2 Bf7 29. Rg1 Nf6 30. Nb5 Rg8 31. Qf1 Rxg1+ 32. Kxg1 Nxe4 33. Bxe4 Qxe4 34. Nxc7 Bd4+ 35. Kh2 Bh5 36. f6 Be5+ 37. Kg1 Qg6+ 38. Kh1 Qxf6 39. Qxf6 Bxf6 40. b3 Bf3+ 41. Kg1 Bd8 42. Nb5 Bxd5 43. Nxd6 Bb6+ 44. Kf1 Bc6 45. Ke2 Bc7 46. Nf5 Kg6 47.
Nd4 Bb6 48. Nc2 Kg5 49. a4 Bd7 50. Nb4 Bxh3 51. Nd5 Bg4+ 52. Kd3 Bd8 53. b4 h5 54.
b5 h4 55. Ke3 h3 56. Kf2 Kh4 57. Nf4 Bd7 58. Ng6+ 1-0

[Event "*** Titled Tuesday Blitz"]
[Site "Chess.com"]
[Date "2021.04.27"]
[Round "10"]
[White "profofchess"]
[Black "Srisshhhtea"]
[Result "0-1"]
[WhiteElo "2463"]
[BlackElo "2363"]
[TimeControl "180+1"]
[EndTime "11:54:29 PDT"]
[Termination "Srisshhhtea won by resignation"]

1. e4 e6 2. d4 d5 3. e5 c5 4. c3 Qb6 5. Nf3 Bd7 6. Bd3 cxd4 7. O-O dxc3 8. Nxc3 Nc6 9. Re1 Nh6 10. Be3 Qd8 11. Qd2 Ng4 12. Bf4 Bc5 13. Bg3 h5 14. Bh4 Qb8 15. Qf4 Be7 16. Bxe7 Nxe7 17. Nb5 Bxb5 18. Bxb5+ Kf8 19. Ng5 Nf5 20. Bd3 Ngh6 21. Rac1 g6 22.
Rc2 Kg7 23. Rec1 Qe8 24. h3 Rf8 25. g4 hxg4 26. hxg4 Ne7 27. Qf6+ Kg8 28. f3 Nc6 29. Rh2 Qe7 30. Rxh6 Qxf6 31. exf6 Ne5 32. Be2 Rfc8 33. Rxc8+ Rxc8 34. f4 Nd7 35. Rh2 Nxf6 36. Kf2 Kg7 37.
Ke3 Rc2 38. Rf2 Rxb2 39. Bf3 Rb6 40. Rd2 Rb4 41. Be2 a6 42. Kf3 Ra4 43. Kg3 Ne4+ 44. Nxe4 Rxe4 45. Bf3 Re3 46. Kf2 Ra3 47. g5 f6 48.
gxf6+ Kxf6 49. Bg4 b5 50. Ke2 Ra4 51. Ke3 Re4+ 52.
Kf3 e5 53. fxe5+ Kxe5 54. Bc8 Rf4+ 55. Kg3 Rd4 56. Bxa6 Rxd2 0-1

[Event "*** Titled Tuesday Blitz"]
[Site "Chess.com"]
[Date "2021.04.27"]
[Round "10"]
[White "Zhigalko_Sergei"]
[Black "Arystanner"]
[Result "1-0"]
[WhiteElo "2946"]
[BlackElo "2832"]
[TimeControl "180+1"]
[EndTime "11:54:31 PDT"]
[Termination "Zhigalko_Sergei won by resignation"]

1. e4 e5 2. Nf3 Nc6 3. Bc4 Bc5 4. b4 Bxb4 5. c3 Be7 6. d4 Na5 7. Bd3 d6 8. dxe5 dxe5 9. Nxe5 Nf6 10. O-O O-O 11. Qc2 Bd6 12. Nf3 Nc6 13. Bg5 h6 14. Bh4 Bg4 15. Nbd2 Qe7 16. Rae1 Rfe8 17. e5 Nxe5 18.
Nxe5 Bxe5 19. f4 Qc5+ 20. Bf2 Qxc3 21. fxe5 Qxc2 22. Bxc2 Nd5 23. Bb3 Nc3 24. Bxf7+ Kxf7 25. Bd4+ Ke6 26. Bxc3 Rad8 27. Nb3 b6 28. Nd4+ Kd5 29.
Rf7 c5 30. Nf3 Kc4 31. Ba1 a5 32. Rxg7 Bf5 33. Rf7 Be6 34. Rf6 b5 35. Rxh6 b4 36. Ng5 Bd5 37. e6 a4 38. Rh4+ Kb5 39. Re2 a3 40. e7 Rd7 41. Bf6 Bc4 42. Rxc4 Kxc4 43. h4 Rd6 44. Re4+ Kd3 45. Re6 Rxe6 46. Nxe6 b3 47.
Nxc5+ Kc2 48. Nxb3 Kb1 49. Nd4 Kxa2 50. Nb5 Kb3 51. Nd6 Rxe7 52. Bxe7 a2 53. Bf6 a1=Q+ 54. Bxa1 1-0